 Dungeon Crawl Stone Soup version 0.30.1-9-gdf580d7c3d (webtiles) character file.

Game seed: 7069806683583973350

11681 Zalbag the Thaumaturge (level 12, -1/88 HPs)
             Began as a Djinni Fire Elementalist on Oct 25, 2023.
             Was a Priest of Ashenzari.
             Slain by a three-headed hydra simulacrum (3 damage)
             ... in an ice cave.
             The game lasted 00:46:34 (10768 turns).

Zalbag the Thaumaturge (Djinni Fire Elementalist)  Turns: 10768, Time: 00:46:35

Health: -1/88      AC: 11    Str:  7    XL:     12   Next: 10%
Gold:   653        EV: 21    Int: 21    God:    Ashenzari [***...] SH:  8 Dex: 31

rFire   + . .        r - +3 flail of Demonic Tender Mercy {freeze, rC+ Dex+5}
rCold   . . .        f - +0 buckler "Ruined Together" {Fort, Cun} (curse)
rNeg    . . .        o - +4 leather armour of Insurance {rF- Dex+5 Slay+3}
rPois   ∞            m - +0 helmet of the Eye in the Sky {Range, Melee} (curse)
rElec   .            H - +0 cloak of the Unveiling Seer {Evo, Cun} (curse)
rCorr   .            j - +0 pair of gloves
SInv    +            (boots unavailable)
Will    ++...        (no amulet)
Stlth   +++++        e - ring of Ashenzari's Moon {Will+, Range, Fort} (curse)
HPRegen 0.34/turn    B - ring "Bound Together" {Dex+6, Self, Evo} (curse)
MPRegen 0.00/turn

%: clarity, infuse magic (-2 HP)
@: flying, studying Throwing
A: sickness immunity, fire resistance 2, cold vulnerability 1, float, innate
caster, HP casting, extra vitality 1
a: Renounce Religion, Curse Item, Shatter the Chains


You were in an ice cave.
You worshipped Ashenzari.
Ashenzari was most pleased with you.
You visited 3 branches of the dungeon, and saw 11 of its levels.
You also visited: Ice Cave.

You collected 719 gold pieces.
You spent 66 gold pieces at shops.

Inventory:

Hand Weapons
 q - a +0 dagger
 r - the +3 flail of Demonic Tender Mercy (weapon) {freeze, rC+ Dex+5}
   (You found it on level 2 of the Dungeon)

   Dex:       It affects your dexterity (+5).
   rC:        It protects you from cold.
 N - a +0 short sword
Missiles
 g - 25 poisoned darts (quivered)
 s - 14 boomerangs
 v - 3 curare-tipped darts
Armour
 f - the cursed +0 buckler "Ruined Together" (worn) {Fort, Cun}
   (You found it on level 1 of the Dungeon)

   It has a curse which improves the following skills: Fortitude: Armour and
   Shields.
   Cunning:   Dodging and Stealth.
 j - a +0 pair of gloves (worn)
 m - the cursed +0 helmet of the Eye in the Sky (worn) {Range, Melee}
   (You found it on level 2 of the Dungeon)

   It has a curse which improves the following skills: Ranged Combat: Ranged
   Weapons and Throwing.
   Melee Combat: Short Blades, Long Blades, Axes, Maces & Flails, Polearms,
   Staves and Unarmed Combat.
 o - the +4 leather armour of Insurance (worn) {rF- Dex+5 Slay+3}
   (You found it on level 2 of the Dungeon)

   Dex:       It affects your dexterity (+5).
   Slay:      It affects your accuracy & damage with ranged weapons and melee
   (+3).
   rF:        It makes you vulnerable to fire.
 H - the cursed +0 cloak of the Unveiling Seer (worn) {Evo, Cun}
   (You took it off Maurice on level 8 of the Dungeon)

   It has a curse which improves the following skills: Evocations: Evocations.
   Cunning:   Dodging and Stealth.
 K - +0 steam dragon scales
 M - a +0 kite shield
Jewellery
 e - the cursed ring of Ashenzari's Moon (left hand) {Will+, Range, Fort}
   (You found it on level 1 of the Dungeon)

   [ring of willpower]

   Will:      It increases your willpower.
   It has a curse which improves the following skills: Ranged Combat: Ranged
   Weapons and Throwing.
   Fortitude: Armour and Shields.
 B - the cursed ring "Bound Together" (right hand) {Dex+6, Self, Evo}
   (You found it on level 5 of the Dungeon)

   [ring of dexterity]

   Dex:       It affects your dexterity (+6).
   It has a curse which improves the following skills: Introspection: Fighting
   and Spellcasting.
   Evocations: Evocations.
 C - a ring of see invisible
 D - a +6 ring of dexterity
 G - a +6 ring of intelligence
 L - a ring of positive energy
Wands
 n - a wand of iceblast (18)
 F - a wand of paralysis (3)
 I - a wand of flame (14)
Scrolls
 c - a scroll of vulnerability
 d - 4 scrolls of magic mapping
 p - 3 scrolls of teleportation
 t - 2 scrolls of enchant armour
 u - 2 scrolls of summoning
 w - 2 scrolls of blinking
 y - a scroll of brand weapon
 z - 6 scrolls of identify
 A - a scroll of fog
 E - a scroll of enchant weapon
Potions
 a - a potion of berserk rage
 b - a potion of might
 h - 3 potions of mutation
 i - 2 potions of haste
 l - a potion of brilliance
 x - 4 potions of curing
 J - a potion of heal wounds


   Skills:
 + Level 7.3(8.9) Fighting
 - Level 1.8(3.0) Short Blades
 - Level 4.4(6.5) Throwing
 - Level 2.7(4.5) Armour
 + Level 7.5(9.8) Dodging
 + Level 6.3(8.6) Stealth
 - Level 5.4(7.6) Shields
 + Level 9.2(10.7) Spellcasting
 - Level 2.5(4.3) Evocations


You knew the following spells:

 Your Spells              Type           Power      Damage    Failure   Level
a - Foxfire               Conj/Fire      100%       2x1d9     1%          1
b - Scorch                Fire           100%       2d9       1%          2
c - Volatile Blastmotes   Fire/Tloc      100%       2d18      1%          3
d - Inner Flame           Hex/Fire       54%        N/A       1%          3
e - Flame Wave            Conj/Fire      54%        2d13      1%          4
f - Necrotise             Necr           100%       1d9       1%          1
g - Ensorcelled Hibernat  Hex/Ice        100%       N/A       1%          2
h - Vampiric Draining     Necr           54%        2d9       1%          3
i - Summon Guardian Gole  Hex/Summ       54%        N/A       1%          3
j - Irradiate             Conj/Tmut      27%        3d20      4%          5
Your spell library was empty.

Dungeon Overview and Level Annotations

Branches:
Dungeon (9/15)             Temple (1/1) D:6             Orc (1/2) D:9
  IceCv (1/1)
   Lair: D:8-11

Altars:
Ashenzari
The Shining One
Lugonu

Shops:
D:1 ?   D:6 [   Orc:1 (

Annotations:
D:7 2 transporters IceCv exclusion: ice statue


Innate Abilities, Weirdness & Mutations

You are immune to sickness and miasma.
You are immune to poison.
Your flesh is very heat resistant. (rF++)
You are vulnerable to cold. (rC-)
You float through the air rather than walking.
You learn spells naturally, not from books.
Your magical power is your life essence.
You have superior vitality. (+4 MHP)


Message History

Confirm with . or Enter, or press ? or * to list all spells.
Flames lash the ice beast.
The ice beast melts!
The ice beast is lightly wounded.
The ice beast's fire resistance burns away.
The ice beast hits you but does no damage.
Casting: Scorch (safe; 1% risk of failure)
Confirm with . or Enter, or press ? or * to list all spells.
You conjure some foxfire!
You block the ice beast's attack.
Your foxfire dissipates!
The ice beast attacks as you move away! The ice beast closely misses you.
The foxfire hits the ice beast.
The ice beast melts!
The ice beast is moderately wounded.
Casting: Foxfire (safe; 1% risk of failure)
Confirm with . or Enter, or press ? or * to list all spells.
You conjure some foxfire!
The ice beast is no longer more vulnerable to fire.
The foxfire hits the three-headed hydra simulacrum!
The three-headed hydra simulacrum melts!
The three-headed hydra simulacrum is moderately damaged.
The ice beast misses you.
Casting: Foxfire (safe; 1% risk of failure)
Confirm with . or Enter, or press ? or * to list all spells.
Flames lash the ice beast.
The ice beast melts!
The ice beast is almost dead.
The ice beast's fire resistance burns away.
The foxfire hits the ice beast.
The ice beast is almost dead.
The ice beast misses you.
Unknown command.
Casting: Scorch (safe; 1% risk of failure)
Confirm with . or Enter, or press ? or * to list all spells.
Flames lash the three-headed hydra simulacrum.
The three-headed hydra simulacrum melts!
The three-headed hydra simulacrum is heavily damaged.
The three-headed hydra simulacrum's fire resistance burns away.
The three-headed hydra simulacrum bites you!
The three-headed hydra simulacrum freezes you!!!
* * * LOW HITPOINT WARNING * * *
The three-headed hydra simulacrum bites you.
You die...

##### ##...##
##.....##
#...∩...#
#...∩...#
##..@..##
##ZY.## ##...#
#...## #...##
##...# *
##...####
8#.....#?##
#...........#*


You could see an ice beast (summoned, combustible) and a three-headed hydra
simulacrum (combustible).

Vanquished Creatures
  A centaur warrior (D:9)
  A boulder beetle (D:9)
  A two-headed ogre (D:9)
  An orc sorcerer (Orc:1)
  An ice statue (IceCv)
  Maurice (D:8)
  A komodo dragon (D:9)
  2 ice devils (IceCv)
  A troll (D:9)
  3 shadows (D:9)
  A vampire (D:9)
  A wyvern (D:7)
  A vampire mosquito (D:9)
  6 yaks (D:9)
  2 steam dragons
  An acid dragon (D:9)
  Duvessa (D:5)
  3 black bears
  5 orc warriors
  A sky beast (D:8)
  A black bear (shapeshifter) (D:9)
  7 ogres
  6 centaurs
  3 phantoms
  9 bullfrogs
  4 kobold brigands (D:9)
  2 scorpions (D:5)
  A two-headed ogre simulacrum (IceCv)
  4 gnoll sergeants
  A cane toad simulacrum (IceCv)
  5 wights (D:9)
  Dowan (D:5)
  10 killer bees (D:9)
  2 hounds
  2 jellies
  8 orc priests
  5 iguanas
  5 sleepcaps
  18 orc wizards
  A polar bear simulacrum (IceCv)
  A troll simulacrum (IceCv)
  8 adders
  16 gnolls
  3 shadow imps
  3 white imps
  2 ufetubi
  3 worms (D:2)
  A dart slug (D:4)
  41 orcs
  5 ball pythons
  11 bats
  5 endoplasms
  6 giant cockroaches
  2 goblins (D:1)
  6 hobgoblins
  5 jackals (D:1)
  2 quokkas
  2 frilled lizards
  18 kobolds
  2 rats
272 creatures vanquished.

Vanquished Creatures (others)
  An orc warrior (D:9)
  184 foxfires
185 creatures vanquished.

Grand Total: 457 creatures vanquished

Notes
Turn   | Place    | Note
-------+----------+-------------------------------------------
     0 | D:1      | Zalbag the Djinni Fire Elementalist began the quest for the
                  | Orb.
     0 | D:1      | Zalbag set off with the following spells memorised:
                  | Foxfire, Scorch, Volatile Blastmotes, Inner Flame, Flame
                  | Wave.
     0 | D:1      | Reached XP level 1. HP: 15/15 MP: 0/0
   197 | D:1      | Reached XP level 2. HP: 17/21 MP: 0/0
   262 | D:1      | Reached skill level 3 in Spellcasting
   517 | D:1      | Reached XP level 3. HP: 21/25 MP: 0/0
   517 | D:1      | Learned a level 1 spell: Necrotise
   747 | D:1      | Found The Oracle's Delphic Readings.
   751 | D:1      | Bought a scroll of identify for 22 gold pieces
   751 | D:1      | Bought a scroll of poison for 44 gold pieces
  1209 | D:2      | Identified the +4 leather armour of Insurance {rF- Dex+5
                  | Slay+3}
  1312 | D:2      | Reached skill level 1 in Shields
  1312 | D:2      | Reached XP level 4. HP: 27/31 MP: 0/0
  1329 | D:2      | Reached skill level 1 in Fighting
  1524 | D:2      | Identified the +3 flail of Demonic Tender Mercy {freeze,
                  | rC+ Dex+5}
  1574 | D:2      | Found a broken altar of Ashenzari.
  1605 | D:2      | Became a worshipper of Ashenzari the Shackled
  1641 | D:2      | Reached XP level 5. HP: 35/37 MP: 0/0
  1641 | D:2      | Learned a level 2 spell: Ensorcelled Hibernation
  2159 | D:3      | Found a glowing golden altar of the Shining One.
  2554 | D:4      | Reached skill level 4 in Spellcasting
  2753 | D:4      | Reached * piety under Ashenzari
  2809 | D:4      | Noticed an orc warrior
  2819 | D:4      | Reached XP level 6. HP: 39/42 MP: 0/0
  2834 | D:4      | Reached skill level 1 in Throwing
  2956 | D:4      | Killed an orc warrior
  2991 | D:4      | Reached XP level 7. HP: 24/47 MP: 0/0
  2991 | D:4      | Learned a level 3 spell: Vampiric Draining
  3579 | D:4      | Reached skill level 5 in Spellcasting
  4065 | D:5      | Entered Level 5 of the Dungeon
  4111 | D:5      | Identified the +10 whip "Ettuc" {freeze, +Blink}
  4343 | D:5      | Reached XP level 8. HP: 48/52 MP: 0/0
  4579 | D:5      | Reached skill level 6 in Spellcasting
  4890 | D:5      | Noticed Duvessa
  4890 | D:5      | Noticed Dowan
  4895 | D:5      | Killed Dowan
  4896 | D:5      | Reached skill level 5 in Shields
  4896 | D:5      | Killed Duvessa
  4897 | D:5      | Reached XP level 9. HP: 57/57 MP: 0/0
  4897 | D:5      | Learned a level 3 spell: Summon Guardian Golem
  4903 | D:5      | Reached ** piety under Ashenzari
  5451 | D:6      | Reached skill level 1 in Armour
  5485 | D:6      | Reached skill level 7 in Spellcasting
  5621 | D:6      | Reached *** piety under Ashenzari
  5646 | D:6      | Found Qieq's Antique Armour Emporium.
  5682 | D:6      | Found a staircase to the Ecumenical Temple.
  5844 | Temple   | Entered the Ecumenical Temple
  6196 | D:7      | Found a transporter.
  6200 | D:7      | Found a corrupted altar of Lugonu.
  6200 | D:7      | Noticed a red ugly thing
  6205 | D:7      | Noticed a cyan ugly thing
  6259 | D:7      | Noticed a green ugly thing
  6540 | D:7      | Reached skill level 1 in Short Blades
  6582 | D:7      | Reached XP level 10. HP: 54/70 MP: 0/0
  7108 | D:7      | Found a transporter.
  7176 | D:8      | Noticed Maurice
  7202 | D:8      | Killed Maurice
  8179 | D:9      | Noticed a centaur warrior
  8222 | D:9      | Killed a centaur warrior
  8223 | D:9      | Reached skill level 8 in Spellcasting
  8223 | D:9      | Reached skill level 1 in Evocations
  8229 | D:9      | Reached skill level 5 in Fighting
  8577 | D:9      | Reached skill level 5 in Dodging
  8873 | D:9      | Reached XP level 11. HP: 73/79 MP: 0/0
  8873 | D:9      | Learned a level 5 spell: Irradiate
  9152 | D:9      | Reached skill level 5 in Stealth
  9208 | D:9      | Noticed a boulder beetle
  9231 | D:9      | Killed a boulder beetle
  9245 | D:9      | Noticed a two-headed ogre
  9267 | D:9      | Killed a two-headed ogre
  9505 | D:9      | Found a staircase to the Orcish Mines.
  9679 | D:9      | Reached skill level 9 in Spellcasting
 10167 | Orc:1    | Entered Level 1 of the Orcish Mines
 10173 | Orc:1    | Found Ymilaots's Antique Weapon Boutique.
 10212 | Orc:1    | Found a frozen archway.
 10212 | Orc:1    | Noticed an orc sorcerer
 10220 | Orc:1    | Killed an orc sorcerer
 10231 | IceCv    | Entered an ice cave
 10301 | IceCv    | Reached XP level 12. HP: 21/88 MP: 0/0
 10768 | IceCv    | HP: 2/88 [three-headed hydra simulacrum (37)]
 10768 | IceCv    | Slain by a three-headed hydra simulacrum

Illustrated notes

Levels and vault maps discovered:
D:1:      eino_arrival_water_star, layout_loops_ring, minivault_19,
          nicolae_nh_oracle_at_delphi
D:2:      layout_rooms, basic_altar, minmay_heptomino_d4
D:3:      layout_loops_ring, nicolae_overflow_crystal_walls
D:4:      layout_gridville
D:5:      layout_basic, minmay_ruined_shrine, uniq_duvessa
D:6:      layout_basic, minmay_temple_entry_mini_moons, serial_shops,
          nicolae_shop_stone
D:7:      gammafunk_corrupted_shrine, layout_basic, hellmonk_no_cap
D:8:      layout_basic, uniq_maurice
D:9:      cheibrodos_ideogram_h, layout_cave_pools,
          kennysheep_orc_monster_closet_entryway
Temple:   mainiacjoe_temple_circle_huts
Orc:1:    layout_diamond_mine, portal_ice_cave_entry_pillars_2, serial_shops,
          nicolae_shop_tiny_glass, shop, shop
IceCv:    ice_cave_tombish

Skill      XL: |  1  2  3  4  5  6  7  8  9 10 11 |
---------------+----------------------------------+-----
Spellcasting   | 3 4 5 6 7 8 9 |  9.2
Shields        | 1 2 3 5 |  5.4
Fighting       | 1 3 5 7 |  7.3
Throwing       | 2 4 |  4.4
Armour         | 2 |  2.7
Stealth        | 3 4 6 |  6.3
Dodging        | 4 5 7 |  7.5
Short Blades   | 1 |  1.8
Evocations     | 2 |  2.5

Action                     |  1- 3 |  4- 6 |  7- 9 | 10-12 || total
---------------------------+-------+-------+-------+-------++-------
  Melee: Club              |    38 |       |       |       ||    38
         Dagger            |       |    10 |    16 |    72 ||    98
         Flail             |       |    25 |    36 |     1 ||    62
  Throw: Dart              |     2 |    22 |    21 |    47 ||    92
         Boomerang         |       |       |     7 |       ||     7
   Cast: Foxfire           |    27 |    19 |    30 |    36 ||   112
         Scorch            |    20 |    28 |    96 |   130 ||   274
         Vampiric Draining |       |       |    15 |    20 ||    35
         Volatile Blastmot |       |       |     4 |     3 ||     7
         Ensorcelled Hiber |       |       |     7 |    50 ||    57
         Flame Wave        |       |       |       |     8 ||     8
         Inner Flame       |       |       |       |     1 ||     1
         Summon Guardian G |       |       |       |     2 ||     2
 Invoke: Curse Item        |       |     2 |     2 |     1 ||     5
  Evoke: Wand              |       |       |     3 |    10 ||    13
    Use: Scroll            |     1 |     2 |     2 |     4 ||     9
         Potion            |       |       |       |     2 ||     2
   Stab: Sleeping          |     2 |     2 |    11 |    40 ||    55
         Distracted        |       |       |     1 |       ||     1
         Paralysed         |       |       |       |     4 ||     4
 Armour: Robe              |    21 |    17 |     8 |       ||    46
         Leather armour    |       |       |    14 |    62 ||    76
  Dodge: Dodged            |    46 |    29 |    54 |   144 ||   273
  Block: Buckler           |       |     5 |    45 |    82 ||   132
